 Dungeon Crawl Stone Soup version 0.20-a0-694-ga0108bb (webtiles) character file.

51484 theclanless the Nimble (level 14, -4/112 HPs)
             Began as a Spriggan Gladiator on Jan 17, 2017.
             Was the Champion of Ieoh Jian.
             Slain by a basilisk (5 damage)
             ... on level 5 of the Lair of Beasts on Jan 18, 2017.
             The game lasted 01:43:25 (19904 turns).

theclanless the Nimble (Spriggan Gladiator)        Turns: 19904, Time: 01:43:25

Health: -4/112     AC: 27    Str: 14    XL:     14   Next: 23%
Magic:  18/22      EV:  4    Int: 15    God:    Ieoh Jian [******]
Gold:   1518       SH:  2    Dex: 16    Spells: 13/13 levels left

rFire  . . .     SeeInvis +     K - +15 divine chui {flame, momentum+}
rCold  . . .     Gourm    .     (armour currently unavailable)
rNeg   + + +     Faith    .     (shield restricted)
rPois  +         Spirit   .     (helmet currently unavailable)
rElec  .         Reflect  +     (cloak currently unavailable)
rCorr  .         Harm     .     (gloves unavailable)
MR     +++..     NoTele   +     (boots unavailable)
Stlth  +.........               E - +2 amulet of reflection (curse)
                                d - ring of protection from magic
                                R - +5 ring of intelligence

@: tree-form, barbed spikes, divine blade, very slightly contaminated, hasted,
glowing, very quick
A: unfitting armour, (talons 0), see invisible, clumsy 1, herbivore 3, (speed
0), (poison resistance), slow metabolism 2
a: Steel Dragonfly, Heavenly Blade, Renounce Religion


You were on level 5 of the Lair of Beasts.
You worshipped Ieoh Jian.
Ieoh Jian was exalted by your worship.
You were not hungry.
You were a tree.
You visited 4 branches of the dungeon, and saw 18 of its levels.

You collected 1967 gold pieces.
You spent 449 gold pieces at shops.

Inventory:

Hand Weapons
 a - a +2 demon blade of venom
 b - a +2 double sword of holy wrath
 l - a +2 demon trident of venom
 K - the +15 divine chui (weapon) {flame, momentum+}
   (You found it on level 5 of the Lair of Beasts)

   It has been specially enchanted to burn those struck by it, causing extra
   injury to most foes and up to half again as much damage against particularly
   susceptible opponents.
 U - a +1 scimitar of flaming
 V - a +4 blowgun
Missiles
 e - 424 stones
 m - 47 poisoned needles
 A - 2 throwing nets
 N - a silver tomahawk (quivered)
 O - 5 curare-tipped needles
 X - 14 tomahawks
Armour
 c - a +2 hat (melded)
 g - a +2 robe of magic resistance
 Q - a +0 troll leather armour (melded)
 T - a cursed +0 cloak (melded)
Jewellery
 d - a ring of protection from magic (right branch)
 E - a cursed +2 amulet of reflection (around neck)
 F - an uncursed ring of fire
 R - a +5 ring of intelligence (left branch)
Wands
 h - a wand of digging (7/24)
 k - a wand of iceblast (1/15)
 o - a wand of digging (11/24)
 p - a wand of lightning (2/15)
 D - a wand of flame (3/48)
 G - a wand of random effects (25/48)
 J - a wand of clouds (5/9)
Scrolls
 n - 5 scrolls of teleportation
 s - 4 scrolls of remove curse
 w - 4 scrolls of fear
 x - 2 scrolls of blinking
 C - a scroll of recharging
 H - a scroll of amnesia
 S - a scroll of identify
Potions
 i - a potion of cancellation
 j - 2 potions of magic
 q - 2 potions of brilliance
 r - 4 potions of haste
 t - 2 potions of curing
 u - a potion of lignification
 z - 3 potions of flight
 I - a potion of resistance
 L - a potion of cure mutation
Miscellaneous
 y - a crystal ball of energy
Comestibles
 f - 8 bread rations
 v - 21 fruits
 B - 16 royal jellies


   Skills:
 + Level 9.1 Fighting
 * Level 14.5 Long Blades
 - Level 2.0 Throwing
 + Level 14.8 Dodging
 + Level 10.6 Invocations


You had 13 spell levels left.
You didn't know any spells.

Dungeon Overview and Level Annotations

Branches:
Dungeon (10/15)            Temple (1/1) D:4            Lair (5/6) D:10
 Shoals (0/4) Lair:2       Spider (0/4) Lair:3        Slime (0/5) Lair:5
    Orc (2/2) D:9             Elf (0/3) Orc:2

Altars:
Ashenzari
Cheibriados
Dithmenos
Elyvilon
Fedhas
Gozag
Hepliaklqana Ieoh Jian
Kikubaaqudgha
Makhleb
Nemelex Xobeh
Okawaru
Qazlal
Ru
Sif Muna
Trog
Uskayaw
Vehumet
Xom
Yredelemnul
Zin
The Shining One
Beogh
Jiyva

Shops:
D:9 :   Orc:2 [%}!:

Portals:
Pandemonium: Orc:2

Annotations:
Lair:2 exclusion: 2 oklob plants


Innate Abilities, Weirdness & Mutations

You are very small and have problems with some larger weapons.
You are too small for most types of armour.
You have supernaturally acute eyesight. (SInv)
You are a herbivore.
((You cover ground extremely quickly.))
You need consume almost no food.
((You have sharp toenails.))
You are clumsy. (Dex -2)
((Your system is resistant to poisons. (rPois)))


Message History

The hippogriff bites you but does no damage.
The hippogriff pecks you but does no damage.
The hippogriff claws you but does no damage.
The basilisk bites you but does no damage.
You impale the basilisk!! You burn the basilisk.
You kill the basilisk!
Sifu Jiang Wei accepts your kill.
The wyvern bites you but does no damage.
The basilisk barely misses you.
Unknown command.
You sock the hippogriff! You burn the hippogriff.
The hippogriff is almost dead.
The wyvern bites you but does no damage.
The hippogriff bites you but does no damage.
The hippogriff pecks you.
* * * LOW HITPOINT WARNING * * *
The hippogriff claws you.
* * * LOW HITPOINT WARNING * * *
The basilisk bites you.
You die...

.............# ## #..#
..#.#...######P##. #..#
.#####.. ...# ####..# ## ##.
...# ##....## # ..###.....#
#H.. ##..P#.....## . H..
#.#.###.....##### ..
###.##.l†.........##.#
.........kH♣..PP........#
.....P....l†l..#.P.....####
......#P.P...#............#
.....P##..††.............##
#..........†.............#
#......#..#...#.......†..##
.....PP#..............P...#
..P#..........#..._...P...#
.....##.#.P..#.#..........##


You could see a hippogriff, 2 basilisks, a rime drake and a wyvern.

Vanquished Creatures
  Rupert (Orc:2)
  Josephine (Orc:1)
  2 two-headed ogres
  4 hydras
  A queen ant (Lair:3)
  A centaur warrior (D:10)
  6 orc high priests (Orc:2)
  Sonja (Lair:2)
  A sixfirhy (Orc:2)
  A gelid demonspawn (Orc:2)
  An infernal demonspawn (Orc:2)
  8 orc knights
  A manticore (Lair:5)
  7 orc sorcerers
  2 rust devils (Orc:2)
  2 black mambas
  9 spiny frogs
  The ghost of Grorgnorb the Sneak, a novice NaIE of Ieoh Jian (D:6)
  2 centaur skeletons
  7 rime drakes
  An efreet (D:10)
  3 komodo dragons
  2 red devils (Orc:2)
  A wandering mushroom (Lair:2)
  2 trolls
  3 meliai (Lair:4)
  2 polar bears
  A queen bee (Lair:4)
  5 blink frogs (Lair:4)
  6 hippogriffs
  17 yaks
  A ynoxinul (Orc:2)
  6 wyverns
  6 basilisks
  5 wraiths (Orc:1)
  A chaos spawn (Orc:2)
  4 wargs
  4 water moccasins
  An acid dragon (D:10)
  7 soldier ants (Lair:3)
  3 porcupines
  A hell hound (Lair:5)
  2 sky beasts
  3 ice beasts
  30 orc warriors
  3 black bears
  12 ogres
  2 phantoms
  7 wolves
  The ghost of ShutUppercut the Ducker, an amateur HuMo (D:3)
  4 centaurs
  13 crocodiles
  2 big kobolds
  11 bullfrogs
  A gnoll sergeant (D:6)
  A wyvern zombie (D:10)
  6 scorpions
  29 killer bees
  5 wights
  10 electric eels
  2 crimson imps
  A bullfrog zombie (D:10)
  Crazy Yiuf (D:7)
  15 orc priests
  6 hounds
  3 jellies
  16 orc wizards
  6 iguanas
  Jessica (D:3)
  32 worker ants
  A hound zombie (D:9)
  11 adders
  A shadow imp (D:10)
  3 oozes
  2 adder zombies
  2 adder skeletons
  2 worms (D:2)
  A dart slug (D:1)
  5 leopard geckos
  66 orcs
  7 giant cockroaches
  12 goblins
  8 hobgoblins
  4 jackals (D:4)
  11 kobolds
  4 quokkas
  5 bats
  13 frilled lizards
  2 jackal skeletons
  A quokka skeleton (D:4)
  5 rats (D:1)
  A fungus (D:7)
533 creatures vanquished.

Vanquished Creatures (others)
  A fungus (Lair:5)
  5 plants
6 creatures vanquished.

Grand Total: 539 creatures vanquished

Notes
Turn   | Place    | Note
-------+----------+-------------------------------------------
     0 | D:1      | theclanless the Spriggan Gladiator began the quest for the Orb.
     0 | D:1      | Reached XP level 1. HP: 10/10 MP: 2/2
   418 | D:1      | Reached XP level 2. HP: 14/14 MP: 3/3
  1458 | D:2      | Reached XP level 3. HP: 18/18 MP: 4/4
  2174 | D:2      | Reached XP level 4. HP: 14/22 MP: 5/5
  2827 | D:3      | Noticed Jessica
  2829 | D:3      | Killed Jessica
  3145 | D:3      | Noticed ShutUppercut's ghost (amateur HuMo)
  3161 | D:3      | Killed ShutUppercut's ghost
  3161 | D:3      | Reached skill level 5 in Long Blades
  3161 | D:3      | Reached XP level 5. HP: 15/25 MP: 6/6
  3366 | D:3      | Found a sparkling altar of Nemelex Xobeh.
  3619 | D:4      | Found a staircase to the Ecumenical Temple.
  3624 | Temple   | Entered the Ecumenical Temple
  3658 | Temple   | Became a worshipper of The Ieoh Jian Council
  3985 | D:4      | Noticed an ogre
  3992 | D:4      | Killed an ogre
  3992 | D:4      | Reached XP level 6. HP: 24/30 MP: 7/7
  4460 | D:4      | Found a hazy altar of Hepliaklqana.
  4588 | D:5      | Entered Level 5 of the Dungeon
  4602 | D:5      | Reached * piety under Ieoh Jian
  4737 | D:5      | Reached XP level 7. HP: 18/33 MP: 8/8
  4779 | D:5      | Found a blossoming altar of Fedhas.
  4783 | D:5      | Found a shadowy altar of Dithmenos.
  6015 | D:6      | Noticed Grorgnorb's ghost (novice NaIE)
  6293 | D:6      | Reached ** piety under Ieoh Jian
  6424 | D:6      | Reached XP level 8. HP: 32/37 MP: 9/9
  6426 | D:6      | Reached skill level 1 in Invocations
  6733 | D:6      | Killed Grorgnorb's ghost
  6733 | D:6      | Reached skill level 5 in Dodging
  6946 | D:7      | Found an ancient bone altar of Kikubaaqudgha.
  6946 | D:7      | Found an opulent altar of Gozag.
  7592 | D:7      | Reached XP level 9. HP: 37/43 MP: 12/12
  8007 | D:7      | Found a runed door.
  8011 | D:7      | Noticed Crazy Yiuf
  8015 | D:7      | Killed Crazy Yiuf
  8240 | D:8      | Reached *** piety under Ieoh Jian
  8784 | D:8      | Found a shattered altar of Ashenzari.
  8996 | D:8      | Reached skill level 10 in Long Blades
  9453 | D:9      | Found Suam's Book Boutique.
  9501 | D:9      | Found a staircase to the Orcish Mines.
  9655 | D:9      | Reached XP level 10. HP: 49/50 MP: 14/14
  9857 | D:9      | Identified a scroll of acquirement
  9992 | D:9      | Noticed a two-headed ogre
 10008 | D:9      | Killed a two-headed ogre
 10008 | D:9      | Reached skill level 5 in Invocations
 10032 | D:10     | Entered Level 10 of the Dungeon
 10040 | D:10     | Found a shattered altar of Ashenzari.
 10041 | D:10     | Noticed a centaur warrior
 10947 | D:10     | Killed a centaur warrior
 11323 | D:10     | Reached skill level 5 in Fighting
 11351 | D:10     | Reached **** piety under Ieoh Jian
 11710 | D:10     | Found a sacrificial altar of Ru.
 11724 | D:10     | Reached skill level 10 in Dodging
 11724 | D:10     | Reached XP level 11. HP: 42/56 MP: 16/16
 12049 | D:10     | Found a staircase to the Lair.
 12310 | Orc:1    | Entered Level 1 of the Orcish Mines
 12310 | Orc:1    | Found a shimmering altar of Xom.
 12312 | Orc:1    | Noticed an orc knight
 12313 | Orc:1    | Noticed an orc sorcerer
 12531 | D:9      | Killed an orc sorcerer
 12584 | D:9      | Killed an orc knight
 12784 | Orc:2    | Entered Level 2 of the Orcish Mines
 13044 | Orc:2    | Found a roughly hewn altar of Beogh.
 13094 | Orc:2    | Noticed an orc knight
 13097 | Orc:2    | Noticed Rupert
 13135 | Orc:2    | Found Epainat's Book Boutique.
 13142 | Orc:2    | Killed an orc knight
 13383 | Orc:2    | Killed Rupert
 13470 | Orc:2    | Reached ***** piety under Ieoh Jian
 13665 | Orc:1    | Noticed an orc knight
 13697 | Orc:1    | Killed an orc knight
 13754 | Orc:1    | Noticed Josephine
 13799 | Orc:1    | Killed Josephine
 13799 | Orc:1    | Reached XP level 12. HP: 6/62 MP: 18/18
 14260 | Orc:2    | Found a staircase to the Elven Halls.
 14523 | Orc:2    | Found Giceugh's Distillery.
 14592 | Orc:2    | Found Asangyuv's Food Shoppe.
 14821 | Orc:2    | Bought a potion of mutation for 40 gold pieces
 14933 | Orc:2    | Found a bloodstained altar of Trog.
 15072 | Orc:2    | Noticed a two-headed ogre
 15136 | Orc:2    | Killed a two-headed ogre
 15275 | Orc:2    | Noticed an orc high priest
 15278 | Orc:2    | Killed an orc high priest
 15295 | Orc:2    | Noticed an orc high priest
 15325 | Orc:2    | Killed an orc high priest
 15326 | Orc:2    | Noticed an orc high priest
 15335 | Orc:2    | Killed an orc high priest
 15449 | Orc:2    | Noticed an orc high priest
 15479 | Orc:2    | Killed an orc high priest
 15482 | Orc:2    | Noticed an orc high priest
 15487 | Orc:2    | Reached XP level 13. HP: 66/68 MP: 20/20
 15581 | Orc:2    | Found Ifinioph's Gadget Boutique.
 15581 | Orc:2    | Found Bixa's Antique Armour Shop.
 15581 | Orc:2    | Found a one-way gate leading to the halls of Pandemonium.
 15620 | Orc:2    | Bought an embroidered cloak for 409 gold pieces
 15799 | Lair:1   | Entered Level 1 of the Lair of Beasts
 16004 | Lair:1   | Gained mutation: You have sharp toenails. [potion of mutation]
 16004 | Lair:1   | Gained mutation: You are clumsy. (Dex -2) [potion of mutation]
 16005 | Lair:1   | Gained mutation: Your system is resistant to poisons. (rPois) [potion of beneficial mutation]
 17183 | Lair:2   | Found a staircase to the Shoals.
 17447 | Lair:2   | Noticed Sonja
 17489 | Lair:2   | Killed Sonja
 18016 | Lair:3   | Reached skill level 10 in Invocations
 18026 | Lair:3   | Found a hole to the Spider Nest.
 18281 | Lair:3   | Reached ****** piety under Ieoh Jian
 19286 | Lair:4   | Reached XP level 14. HP: 32/74 MP: 22/22
 19631 | Lair:5   | Found a viscous altar of Jiyva.
 19631 | Lair:5   | Found a staircase to the Slime Pits.
 19789 | Lair:5   | Found a sacrificial altar of Ru.
 19896 | Lair:5   | HP: 5/112 [manticore (6)]
 19896 | Lair:5   | HP: 2/112 [manticore (3)]
 19901 | Lair:5   | HP: 5/112 [basilisk (11)]
 19904 | Lair:5   | HP: 1/112 [hippogriff (2)]
 19904 | Lair:5   | Slain by a basilisk

Vault maps used:
D:1:      dpeg_arrival_windows_large_door
D:2:      minmay_cupped
D:3:      nemelex_dance_club_becter, uniq_jessica
D:4:      kennysheep_mini_moat
D:5:      overflow_temple_1_default, grunt_dithmenos_smoke_and_mirrors,
          first_bread, grunt_ministairs_12, minmay_ogre_servants
D:6:      minmay_lizard_king
D:7:      chequers_temple_overflow_statue_of_worship, grunt_ogre_cave,
          hangedman_abyss_or_decor_lesser_grid, roderic_lattice_a,
          minmay_fountain_box, uniq_crazy_yiuf_cottage
D:8:      cheibrodos_ashenzari_chains, kennysheep_generic_room_15
D:9:      orc_0_dummy, serial_shops, shop_statue
D:10:     erik_lair_dragon, serial_bayou, serial_bayou_shore_a,
          serial_bayou_ford_a, serial_bayou_lagoon_a, serial_bayou_pond_c,
          hangedman_feature_mirror
Temple:   eino_temple_rhombus
Lair:2:   shoals_dummy_entry, st_stairs_7, disabler_island,
          infiniplex_staircase_pool, minmay_lair_oklob_chamber, uniq_sonja
Lair:3:   dummy_spider_entry, st_stairs_5, zaba_antful_of_joy
Lair:4:   special_room, lemuel_fruit_fields, serial_bayou_shore_b,
          grunt_megastairs_5, serial_bayou_shore_b, serial_bayou_shore_b
Lair:5:   slime_altar_1, basic_altar, special_room
Orc:1:    basic_altar, uniq_josephine
Orc:2:    pf_orc_diabolical, basic_altar, serial_shops, shop,
          lemuel_statue_altar, uniq_rupert

Skill      XL: |  1  2  3  4  5  6  7  8  9 10 11 12 13 14 |
---------------+-------------------------------------------+-----
Long Blades    | 3 4 5 6 8 9 10 11 12 13 14 | 14.5
Invocations    | 3 4 6 7 9 10 | 10.6
Fighting       | 2 4 5 6 7 8 9 |  9.1
Dodging        | 6 8 10 11 13 14 | 14.8
Throwing       | |  2.0

Action                   |  1- 3 |  4- 6 |  7- 9 | 10-12 | 13-15 || total
-------------------------+-------+-------+-------+-------+-------++-------
Melee: Long sword        |    82 |   141 |   470 |    21 |       ||   714
       Punch             |       |     4 |    19 |    42 |    33 ||    98
       Demon blade       |       |       |       |   570 |   471 ||  1041
       Lajatang          |       |       |       |    32 |       ||    32
       Kick              |       |       |       |       |   124 ||   124
       Scimitar          |       |       |       |       |    16 ||    16
       Double sword      |       |       |       |       |     3 ||     3
       Eveningstar       |       |       |       |       |     8 ||     8
Throw: Stone             |     9 |    16 |       |     7 |       ||    32
       Throwing net      |     4 |     1 |     1 |       |       ||     6
       Tomahawk          |       |       |       |    16 |    34 ||    50
Invok: Heavenly Blade    |       |       |       |     1 |     2 ||     3
       Steel Dragonfly   |       |       |       |       |     1 ||     1
Evoke: Wand              |       |     2 |       |    10 |    15 ||    27
  Use: Scroll            |     3 |    11 |    10 |     2 |     8 ||    34
       Potion            |       |     5 |     2 |     2 |    10 ||    19
 Stab: Sleeping          |     1 |     2 |     7 |     5 |     3 ||    18
       Held in net/web   |     1 |       |       |       |       ||     1
       Distracted        |       |       |     1 |     3 |     6 ||    10
  Eat: Bread ration      |       |     1 |     1 |     1 |       ||     3
       Royal jelly       |       |       |       |       |     1 ||     1
Armor: Robe              |     5 |    16 |    30 |    13 |       ||    64
       Troll leather arm |       |       |       |     7 |    21 ||    28
       Skin              |       |       |       |       |    92 ||    92
Dodge: Dodged            |    84 |   100 |   213 |   281 |   323 ||  1001
Block: Other             |       |       |       |       |     8 ||     8
       Rpst.: Long sword |    25 |    44 |    63 |     2 |       ||   134
       Demon blade       |       |       |       |    78 |    83 ||   161
       Scimitar          |       |       |       |       |     2 ||     2
